 Dungeon Sprint DCSS version 0.29-a0-892-g2c4c91d9db (webtiles) character file.

Game seed: 17976519452368614969

571 mhtbhm the Protected (level 7, -4/51 HPs)
             Began as a Gargoyle Fighter on July 23, 2022.
             Was an Initiate of Makhleb.
             Slain by a two-headed ogre
             ... wielding a +0 giant club
              (13 damage)
             ... in the Dungeon (Sprint IX: "|||||||||||||||||||||||||||||").
             The game lasted 00:00:44 (522 turns).

mhtbhm the Protected (Gargoyle Fighter)              Turns: 522, Time: 00:00:45

Health: -4/51      AC: 17    Str: 22    XL:     7   Next: 34%
Magic:  7/7        EV: 10    Int: 14    God:    Makhleb [......]
Gold:   0          SH:  6    Dex:  9    Spells: 6/6 levels left

rFire   . . .      SeeInvis .   a - +2 morningstar (vorpal)
rCold   . . .      Faith    .   c - +0 buckler
rNeg    + . .      Spirit   .   b - +1 scale mail
rPois   ∞          Reflect  .   n - +0 helmet
rElec   +          Harm     .   (no cloak)
rCorr   .          Rampage  .   (no gloves)
Will    .....      NoTele   +   m - +0 pair of boots
Stlth   ..........              (no amulet)
HPRegen 0.17/turn               o - +3 ring of intelligence
MPRegen 0.10/turn               p - +3 ring of intelligence

@: no status effects
A: sickness immunity, AC +4, negative energy resistance 1, electricity
resistance, torment resistance 1, petrification resistance
a: Renounce Religion


You were in the Dungeon.
You worshipped Makhleb.
Makhleb was noncommittal.
You visited 1 branch

Inventory:

Hand Weapons
 a - a +2 vorpal morningstar (weapon)
Armour
 b - a +1 scale mail (worn)
 c - a +0 buckler (worn)
 m - a +0 pair of boots (worn)
 n - a +0 helmet (worn)
Jewellery
 o - a +3 ring of intelligence (left hand)
 p - a +3 ring of intelligence (right hand)
Wands
 l - a wand of light (7)
Scrolls
 j - 2 scrolls of blinking
 k - 2 scrolls of amnesia
Potions
 d - a potion of might
 e - 5 potions of curing
 f - 3 potions of heal wounds
 g - a potion of haste
 h - 4 potions of magic
 i - a potion of invisibility


   Skills:
 + Level 9.0 Fighting
 + Level 7.1 Maces & Flails
 + Level 9.3 Armour
 + Level 2.0 Dodging
 + Level 9.3 Shields
 + Level 0.3 Evocations


You had 6 spell levels left.
You didn't know any spells.
Your spell library was empty.

Dungeon Overview and Level Annotations

Branches:
Dungeon (1/1)

Altars:
Cheibriados
Dithmenos
Elyvilon
Fedhas
Gozag
Hepliaklqana
Kikubaaqudgha
Makhleb
Nemelex Xobeh
Okawaru
Qazlal
Ru
Sif Muna
Trog
Uskayaw
Vehumet
Wu Jian
Xom
Yredelemnul
Zin
The Shining One
Jiyva
Lugonu


Innate Abilities, Weirdness & Mutations

You are immune to sickness and miasma.
Your stone body is resilient. (AC +4)
You are immune to poison.
You resist negative energy. (rN+)
You are resistant to electric shocks. (rElec)
You are resistant to unholy torment.
You are immune to petrification.


Message History

Makhleb accepts your kill.
Your Fighting skill increases to level 8!
Your Maces & Flails skill increases to level 6!
Your Armour skill increases to level 8!
Unknown command.
You puncture the troll!
The troll is severely wounded.
The troll is no longer blind.
The troll closely misses you. The troll claws you but does no damage.
You block the troll's attack.
Unknown command.
You barely miss the troll.
The troll is severely wounded.
The troll bites you but does no damage.
The troll claws you but does no damage. x2
The troll bites you. The troll claws you. The troll claws you!
You bludgeon the troll!!
You kill the troll!
Makhleb accepts your kill.
The two-headed ogre is no longer blind.
Your Fighting skill increases to level 9!
Your Maces & Flails skill increases to level 7!
Your Armour skill increases to level 9!
Your Dodging skill increases to level 2!
Your Shields skill increases to level 9!
You have reached level 7!
Aiming: Bolt of Light
Press: ? - help, Shift-Dir - straight line, f - two-headed ogre
Aim: a two-headed ogre, wielding two +0 giant clubs (moderately wounded, 86% to hit)
The bolt of light hits the two-headed ogre!
The two-headed ogre is severely wounded.
The two-headed ogre is blinded.
The bolt of light hits the wraith.
The wraith is lightly damaged.
The two-headed ogre hits you but does no damage.
The two-headed ogre hits you with a +0 giant club!!
* * * LOW HITPOINT WARNING * * *
Unknown command.
Unknown command.
You puncture the two-headed ogre!
The two-headed ogre is almost dead.
The two-headed ogre hits you with a +0 giant club!
You die...

▓+▓
▓.▓
▓.▓
▓.▓
▓W▓
▓O▓
▓@▓
▓'▓
▓.▓
▓.▓
▓.▓
▓[▓
▓.▓
▓.▓
▓)▓


You could see a two-headed ogre (blind) and a wraith (blind).

Vanquished Creatures
  A troll (D)
  A centaur (D)
  A scorpion (D)
  A hound (D)
  An iguana (D)
  A shadow imp (D)
  A white imp (D)
  An endoplasm (D)
  A kobold (D)
  A bat (D)
  2 frilled lizards (D)
12 creatures vanquished.

Vanquished Creatures (others)
  A yak (D)
  An orc wizard (D)
2 creatures vanquished.

Grand Total: 14 creatures vanquished

Notes
Turn   | Place    | Note
-------+----------+-------------------------------------------
     0 | D        | mhtbhm the Gargoyle Fighter began the quest for the Orb.
     0 | D        | Reached XP level 1. HP: 14/14 MP: 1/1
   124 | D        | Noticed a scorpion
   124 | D        | Noticed a hound
   124 | D        | Noticed an iguana
   133 | D        | Killed an iguana
   134 | D        | Reached skill level 5 in Shields
   134 | D        | Reached XP level 2. HP: 8/20 MP: 2/2
   134 | D        | Reached XP level 3. HP: 9/24 MP: 3/3
   136 | D        | Reached skill level 5 in Fighting
   136 | D        | Reached skill level 5 in Armour
   136 | D        | Reached XP level 4. HP: 12/31 MP: 4/4
   364 | D        | Killed a scorpion
   365 | D        | Reached XP level 5. HP: 27/36 MP: 5/5
   373 | D        | Found a snail-covered altar of Cheibriados.
   373 | D        | Found a shadowy altar of Dithmenos.
   373 | D        | Found a white marble altar of Elyvilon.
   373 | D        | Found a blossoming altar of Fedhas.
   373 | D        | Found an opulent altar of Gozag.
   374 | D        | Found a hazy altar of Hepliaklqana.
   375 | D        | Found a viscous altar of Jiyva.
   376 | D        | Found an ancient bone altar of Kikubaaqudgha.
   377 | D        | Found a corrupted altar of Lugonu.
   378 | D        | Found a burning altar of Makhleb.
   379 | D        | Found a sparkling altar of Nemelex Xobeh.
   380 | D        | Found an iron altar of Okawaru.
   381 | D        | Found a stormy altar of Qazlal.
   382 | D        | Found a sacrificial altar of Ru.
   383 | D        | Found a shimmering blue altar of Sif Muna.
   384 | D        | Found a bloodstained altar of Trog.
   385 | D        | Found a hide-covered altar of Uskayaw.
   386 | D        | Became a worshipper of Makhleb the Destroyer
   387 | D        | Found a radiant altar of Vehumet.
   388 | D        | Found an ornate altar of the Wu Jian Council.
   389 | D        | Found a shimmering altar of Xom.
   390 | D        | Found a basalt altar of Yredelemnul.
   391 | D        | Found a glowing silver altar of Zin.
   392 | D        | Found a glowing golden altar of the Shining One.
   510 | D        | Noticed a wraith
   510 | D        | Noticed a two-headed ogre
   510 | D        | Noticed a troll
   510 | D        | Noticed a centaur
   510 | D        | Noticed a yak
   512 | D        | Killed a yak
   513 | D        | Reached skill level 5 in Maces & Flails
   513 | D        | Reached skill level 1 in Dodging
   513 | D        | Reached XP level 6. HP: 39/44 MP: 6/6
   520 | D        | Killed a troll
   521 | D        | Reached XP level 7. HP: 27/51 MP: 7/7
   522 | D        | Slain by a two-headed ogre

Illustrated notes

Levels and vault maps discovered:
D:        linesprint [early_d, line_temple, items_1, d_10, items_2, lair_1,
          lair_end, items_3, orc_1, orc_end, items_4, d_15, swamp_1, shoals_1,
          snake_1, spider_1, d_20, vaults_1, items_5, swamp_end, shoals_end,
          snake_end, spider_end, vaults_end, d_27, items_6, zot_1, zot_end,
          crypt_end, forest_end, elf_end, slime_end, tomb_end, abyss_end,
          pan_hell_end]

Skill      XL: |  1  2  3  4  5  6 |
---------------+-------------------+-----
Armour         | 4 5 6 7 9 |  9.3
Shields        | 5 6 8 9 |  9.3
Fighting       | 4 5 6 7 9 |  9.0
Maces & Flails | 3 4 5 7 |  7.1
Dodging        | 1 2 |  2.0
Evocations     | |  0.3

Action                   |  1- 3 |  4- 6 |  7- 9 || total
-------------------------+-------+-------+-------++-------
Melee: Flail             |    25 |    16 |       ||    41
       Morningstar       |       |     6 |     1 ||     7
Evoke: Wand              |       |     2 |     1 ||     3
  Use: Potion            |     1 |       |       ||     1
Armor: Scale mail        |    12 |    17 |     1 ||    30
Dodge: Dodged            |     9 |    12 |       ||    21
Block: Buckler           |     4 |     6 |       ||    10

Table legend: (Time is in decaauts)
 A = Elapsed time spent in this place.
 B = Non-inter-level travel time spent in this place.
 C = Inter-level travel time spent in this place.
 D = Time resting spent in this place.
 E = Time spent auto-exploring this place.
 F = Levels seen in this place.
 G = Mean time per level.
                   A        B        C        D        E       F      G
               +--------+--------+--------+--------+--------+-----+--------+
         Total |    539 |    539 |      0 |    386 |      3 |   1 |  539.0 |
       Dungeon |    539 |    539 |      0 |    386 |      3 |   1 |  539.0 |
               +--------+--------+--------+--------+--------+-----+--------+

Top non-repeatable levels by time:
       D: 539 daAuts
